Selects Airborne Battlegroup
Construct Weapon Support Center
Construct Medical Station
Selects Paratrooper Squad Paradrop
Paratrooper Squad Paradrop
Mechanized Support Center
Paratrooper Squad Paradrop
Selects Anti-tank Gun Team Paradrop
Designate Forward Repair Station
Selects Paradrop Reinforcements
Selects Carpet Bombing Run
Designate Forward Repair Station
Anti-tank Gun Team Paradrop
Anti-tank Gun Team Paradrop
Anti-tank Gun Team Paradrop
Anti-tank Gun Team Paradrop
M4A1(76) Sherman Medium Tank